 Dungeon Crawl Stone Soup version 0.30-a0-341-g682706514a (webtiles) character file.

Game seed: 3217406927565333732

1053 koil the Ruffian (level 8, -1/66 HPs)
             Began as a Pale Draconian Transmuter on Nov 5, 2022.
             Was a Follower of Okawaru.
             Killed from afar by an electric eel (8 damage)
             ... with a bolt of electricity
             ... on level 5 of the Dungeon.
             The game lasted 00:17:45 (4636 turns).

koil the Ruffian (Pale Draconian Transmuter)        Turns: 4636, Time: 00:18:15

Health: -1/66      AC: -17   Str: 15      XL:     8   Next: 5%
Magic:  12/14      EV: 12    Int: 14      God:    Okawaru [*.....]
Gold:   77         SH:  0    Dex: 10 (11) Spells: 9/15 levels left

rFire   . . .      SeeInvis .      - Unarmed
rCold   . . .      Faith    .    (no shield)
rNeg    . . .      Spirit   .    (body armour unavailable)
rPois   .          Reflect  .    (helmet currently unavailable)
rElec   .          Harm     .    m - +0 cloak
rCorr   .          Rampage  .    (no gloves)
Will    .....                    (boots currently unavailable)
Stlth   +.........               u - amulet of regeneration
HPRegen 1.11/turn                (no ring)
MPRegen 0.14/turn                (no ring)

@: appendages, wereblooded, corroded
A: horns 2, talons 2, breathe steam, AC +6, unfitting armour, cold-blooded,
steam resistance, mutation resistance 1
a: Breathe Steam, End Transformation, Renounce Religion, Heroism


You were on level 5 of the Dungeon.
You worshipped Okawaru.
Okawaru was aware of your devotion.
You had temporarily grown beastly horns and talons.
You visited 2 branches of the dungeon, and saw 6 of its levels.

You collected 227 gold pieces.
You spent 150 gold pieces at shops.

Inventory:

Hand Weapons
 f - a +2 dagger of electrocution
Missiles
 j - 3 poisoned darts
Armour
 h - a +2 buckler of protection
 k - the +0 hat of Ecudiapt (melded) {rN+ Str+4}
   (You found it on level 2 of the Dungeon)

   Str:       It affects your strength (+4).
   rN:        It protects you from negative energy.
 m - a +0 cloak (worn)
Jewellery
 u - an amulet of regeneration (around neck)
Scrolls
 e - a scroll of enchant weapon
 l - a scroll of identify
 s - 5 scrolls of teleportation
Potions
 a - 2 potions of lignification
 b - a potion of brilliance
 c - a potion of berserk rage
 d - 4 potions of heal wounds
 g - a potion of ambrosia
 i - a potion of resistance
 o - a potion of curing
 r - a potion of flight


   Skills:
 + Level 4.2 Fighting
 + Level 3.7 Dodging
 + Level 4.9 Unarmed Combat
 + Level 4.0 Spellcasting
 + Level 4.1 Transmutations
 + Level 3.4 Poison Magic


You had 9 spell levels left.
You knew the following spells:

 Your Spells              Type           Power      Damage    Failure   Level
a - Beastly Appendage     Tmut           28%        N/A       3%          1
b - Wereblood             Tmut           14%        N/A       5%          2
c - Spider Form           Tmut/Pois      13%        N/A       12%         3

Your spell library contained the following spells:

 Spells                   Type           Power      Damage    Failure   Level
 Ice Form                 Ice/Tmut       8%         N/A       63%         4


Dungeon Overview and Level Annotations

Branches:
Dungeon (5/15)             Temple (1/1) D:4

Altars:
Ashenzari
Cheibriados
Dithmenos
Elyvilon
Gozag
Hepliaklqana
Okawaru
Qazlal
Ru
Sif Muna
Trog
Uskayaw
Vehumet
Wu Jian
Xom
Yredelemnul
Zin
The Shining One

Shops:
D:4 ?*   D:5 ==!=


Innate Abilities, Weirdness & Mutations

You have temporarily grown beastly horns and talons.
You can breathe blasts of scalding, opaque steam.
Your pale cyan-grey scales are hard. (AC +6)
You cannot fit into any form of body armour.
You are cold-blooded and may be slowed by cold attacks.
You are immune to the effects of steam.
You are somewhat resistant to further mutation.


Message History

Your kick misses the kobold demonologist.
Your headbutt misses the kobold demonologist.
The kobold demonologist is heavily wounded.
The kobold demonologist mumbles some strange words.
The rust devil hits you! The rust devil corrodes you!
You barely miss the kobold demonologist.
You punch the kobold demonologist, but do no damage.
The kobold demonologist is heavily wounded.
You have got your breath back.
The kobold demonologist hits you with a +0 dagger.
The rust devil closely misses you. The quasit barely misses you. x2
The quasit claws you.
You barely miss the kobold demonologist.
Your kick misses the kobold demonologist.
You headbutt the kobold demonologist, but do no damage.
The kobold demonologist is heavily wounded.
The kobold demonologist splashes around in the water.
The quasit barely misses you. The quasit claws you.
The quasit completely misses you. The rust devil hits you.
The rust devil corrodes you!
You hit the kobold demonologist but do no damage.
The kobold demonologist is heavily wounded.
The quasit misses you. The quasit claws you.
You feel clumsy. The quasit closely misses you.
The kobold demonologist hits you with a +0 dagger.
The rust devil hits you!
* * * LOW HITPOINT WARNING * * *
The rust devil corrodes you!
Blink to where?
Press: ? - help, Dir - move target
As you read the scroll of blinking, it crumbles to dust.
As you open the door, it creaks loudly!
The electric eel shoots out a bolt of lightning at you!
The bolt of electricity hits the plant!
The plant begins to die.
The bolt of electricity hits you!
* * * LOW HITPOINT WARNING * * *
The electric eel shoots out a bolt of lightning at you!
The bolt of electricity hits you!
You die...

#.##(....# ##.#....
#.##.....########...<..
#.##...........####....
#.##.#.................
#.##.#..............#.#
######.##.#####...#.........
##.........### #...#########.
#...########.###.............
##'##≈.$P. #@.##...##########
#.#S≈.P...'#5##...# .....#
#.#≈!~P....#.##...# .....#
#.#≈S~~P...#~####.# ....#
#~##S$:...##4K# #.# ...#
##~##########5###.### #.##
##~##≈$~P. #..#..... #...
#~#S≈.P.. +#.#.....####...
#.#S$.P.. #.#............


You could see a rust devil (summoned), a kobold demonologist, 2 electric eels, a
quasit (summoned) and a shadow imp (summoned).

Vanquished Creatures
  Duvessa (D:5)
  The ghost of Hubris850 the Shooter, an amateur DEHs (D:3)
  An ice beast (D:4)
  A black bear (D:4)
  An ogre (D:3)
  A phantom (D:3)
  4 scorpions
  Dowan (D:5)
  A hound (D:5)
  A jelly (D:5)
  An iguana (D:5)
  A gnoll (D:3)
  2 adders
  A worm (D:3)
  3 dart slugs
  An orc (D:3)
  7 ball pythons
  7 endoplasms
  3 giant cockroaches
  12 hobgoblins
  4 jackals (D:2)
  6 quokkas
  9 bats
  A frilled lizard (D:3)
  13 goblins
  8 kobolds
  7 rats
99 creatures vanquished.

Vanquished Creatures (others)
  3 plants (D:1)
3 creatures vanquished.

Grand Total: 102 creatures vanquished

Notes
Turn   | Place    | Note
-------+----------+-------------------------------------------
     0 | D:1      | koil the Draconian Transmuter began the quest for the Orb.
     0 | D:1      | Reached XP level 1. HP: 16/16 MP: 3/3
   123 | D:1      | Reached XP level 2. HP: 23/23 MP: 5/5
   126 | D:1      | Learned a level 2 spell: Wereblood
   408 | D:1      | Reached XP level 3. HP: 22/29 MP: 2/6
   577 | D:1      | Reached skill level 1 in Poison Magic
  1078 | D:2      | Identified the +0 hat of Ecudiapt {rN+ Str+4}
  1776 | D:3      | Reached XP level 4. HP: 36/36 MP: 7/7
  1824 | D:3      | Found a transporter.
  1824 | D:3      | Noticed Hubris850's ghost (amateur DEHs)
  1875 | D:3      | Found a transporter.
  1887 | D:3      | Noticed a phantom
  1908 | D:3      | Killed a phantom
  1909 | D:3      | Reached XP level 5. HP: 41/42 MP: 6/9
  2047 | D:3      | Learned a level 3 spell: Spider Form
  2432 | D:3      | Noticed an ogre
  2441 | D:3      | Killed an ogre
  2613 | D:3      | Killed Hubris850's ghost
  2614 | D:3      | Reached XP level 6. HP: 40/51 MP: 8/10
  2712 | D:4      | Found Vefoa's Magic Scroll Shoppe.
  2717 | D:4      | Bought a scroll of teleportation for 36 gold pieces
  2717 | D:4      | Bought a scroll of blinking for 90 gold pieces
  2717 | D:4      | Bought a scroll of identify for 24 gold pieces
  2742 | D:4      | Found Gozag's Platinum Reserve.
  2742 | D:4      | Found an opulent altar of Gozag.
  2955 | D:4      | Noticed an ice beast
  2966 | D:4      | Killed an ice beast
  2967 | D:4      | Your scales start taking on a pale cyan-grey colour.
  2967 | D:4      | Reached XP level 7. HP: 44/57 MP: 8/12
  2967 | D:4      | Gained mutation: You are immune to the effects of steam.
                  | [Pale Draconian growth]
  3142 | D:4      | Found a staircase to the Ecumenical Temple.
  3296 | D:4      | Found a white marble altar of Elyvilon.
  3487 | D:4      | Found a basalt altar of Yredelemnul.
  3632 | Temple   | Entered the Ecumenical Temple
  3864 | Temple   | Became a worshipper of Warmaster Okawaru
  3901 | Temple   | Gained mutation: You are clumsy. (Dex -2) [potion of
                  | mutation]
  3901 | Temple   | Gained mutation: You are somewhat resistant to further
                  | mutation. [potion of mutation]
  3901 | Temple   | Lost mutation: You are clumsy. (Dex -2) [potion of
                  | mutation]
  4058 | D:5      | Entered Level 5 of the Dungeon
  4058 | D:5      | Found Athap's Jewellery Emporium.
  4150 | D:5      | Found Ima Rex's Jewellery Shop.
  4156 | D:5      | Found Padwiaptu's Distillery.
  4160 | D:5      | Noticed Duvessa
  4165 | D:5      | Noticed Dowan
  4181 | D:5      | Killed Duvessa
  4181 | D:5      | Killed Dowan
  4384 | D:5      | Found Tox Akar's Jewellery Emporium.
  4395 | D:5      | Reached * piety under Okawaru
  4551 | D:5      | Reached XP level 8. HP: 60/66 MP: 12/14
  4613 | D:5      | Noticed a kobold demonologist
  4623 | D:5      | Noticed a rust devil
  4636 | D:5      | Killed from afar by an electric eel

Illustrated notes

Levels and vault maps discovered:
D:1:      saegor_arrival_simple_a, layout_basic, serial_bayou,
          serial_bayou_lagoon_a, serial_bayou_ford_a, serial_bayou_pond_b,
          serial_bayou_crossing, serial_bayou_shore_a
D:2:      layout_loops_cross
D:3:      layout_loops_ring, gammafunk_ghost_arena
D:4:      layout_basic, marbit_many_paths, general_overflow_altar,
          nicolae_gozag_zags_fifth_avenue, minmay_temple_entry_tees,
          serial_shops, nicolae_shop_waterfront, kennysheep_cluttered_room,
          minivault_26, roderic_serpentine_path, grunt_ministairs_15
D:5:      cheibrodos_two_vegetables, layout_basic, serial_shops, shop, shop,
          nicolae_square_shop, nicolae_shop_hallway_plus,
          chequers_serial_rivers_micro_d, chequers_arboretum, uniq_duvessa
Temple:   regret_index_temple_generic_petals

Skill      XL: |  1  2  3  4  5  6  7 |
---------------+----------------------+-----
Dodging        | 2 3 |  3.7
Poison Magic   | 1 2 3 |  3.4
Fighting       | 2 3 4 |  4.2
Transmutations | 3 4 |  4.1
Unarmed Combat | 4 |  4.9
Spellcasting   | 3 4 |  4.0

Action                   |  1- 3 |  4- 6 |  7- 9 || total
-------------------------+-------+-------+-------++-------
Melee: Unarmed           |   148 |    95 |   121 ||   364
       Tailslap          |    16 |    13 |     9 ||    38
       Punch             |     4 |       |     4 ||     8
       Kick              |    10 |    14 |     7 ||    31
       Headbutt          |     7 |     9 |     5 ||    21
 Cast: Beastly Appendage |     8 |     8 |     8 ||    24
       Wereblood         |     5 |     7 |     8 ||    20
       Spider Form       |       |       |     1 ||     1
 Abil: Breathe Steam     |       |       |     2 ||     2
  Use: Scroll            |       |       |    12 ||    12
       Potion            |       |       |     4 ||     4
Armor: Skin              |    51 |    61 |    32 ||   144
Dodge: Dodged            |   117 |    74 |    73 ||   264

Table legend: (Time is in decaauts)
 A = Elapsed time spent in this place.
 B = Non-inter-level travel time spent in this place.
 C = Inter-level travel time spent in this place.
 D = Time resting spent in this place.
 E = Time spent auto-exploring this place.
 F = Levels seen in this place.
 G = Mean time per level.
                   A        B        C        D        E       F      G
               +--------+--------+--------+--------+--------+-----+--------+
         Total |   4709 |   4499 |    210 |     65 |   3454 |   6 |  784.8 |
       Dungeon |   4363 |   4227 |    136 |      0 |   3278 |   5 |  872.6 |
        Temple |    346 |    272 |     74 |     65 |    176 |   1 |  346.0 |
               +--------+--------+--------+--------+--------+-----+--------+

Top non-repeatable levels by time:
     D:1: 1060 daAuts
     D:3: 1055 daAuts
     D:4: 994 daAuts
     D:2: 675 daAuts
     D:5: 577 daAuts
  Temple: 346 daAuts
